 Dungeon Crawl Stone Soup version 0.19.5 (webtiles) character file.

1399 tricornhat the Basher (level 8, -1/91 HPs)
             Began as a Demonspawn Berserker on Mar 23, 2017.
             Was a Priest of Trog.
             Slain by an orc warrior
             ... wielding a +0 hand axe
              (14 damage)
             ... on level 5 of the Dungeon.
             The game lasted 00:30:22 (6444 turns).

tricornhat the Basher (Demonspawn Berserker)        Turns: 6444, Time: 00:30:23

Health: -1/91      AC: 14    Str: 26    XL:     8   Next: 41%
Magic:  8/8        EV:  8    Int:  6    God:    Trog [***...]
Gold:   206        SH:  0    Dex: 10    Spells: 0 memorised, 7 levels left

rFire  . . .     SeeInvis .     a - +0 mace
rCold  + . .     Gourm    .     c - +0 plate armour
rNeg   . . .     Faith    .     (no shield)
rPois  .         Spirit   .     (helmet restricted)
rElec  .         Reflect  .     (no cloak)
rCorr  .         Harm     .     (no gloves)
MR     .....                    u - +0 pair of boots
Stlth  ..........               (no amulet)
                                (no ring)
                                (no ring)

@: berserking, very quick
A: antennae 2, clumsy 1, cold resistance 1, dopey 1, powered by death 1, shaggy
fur 1, freezing cloud immunity
a: Berserk, Trog's Hand, Burn Spellbooks, Renounce Religion


You were on level 5 of the Dungeon.
You worshipped Trog.
Trog was most pleased with you.
You were hungry.

You visited 1 branch of the dungeon, and saw 6 of its levels.

You collected 206 gold pieces.

Inventory:

Hand Weapons
 a - a +0 mace (weapon)
 b - a +0 shortbow
Armour
 c - a +0 plate armour (worn)
 g - a cursed +0 ring mail
 o - a +0 scale mail
 t - a +0 chain mail
 u - a +0 pair of boots (worn)
 z - a +0 animal skin
Jewellery
 l - a +2 amulet of reflection
 w - an uncursed ring of stealth
 y - the amulet "Luinec" {RegenMP rN+++ Dex-2 SInv Stlth+}
   (You found it on level 5 of the Dungeon)

   [amulet of magic regeneration]

   It increases your magic regeneration.
   It affects your dexterity (-2).
   It renders you almost immune to negative energy.
   It lets you see invisible.
   It makes you more stealthy.
Wands
 x - a wand of iceblast (9/15)
 A - a wand of paralysis (10/24)
Scrolls
 d - 3 scrolls of remove curse
 e - a scroll of recharging
 h - 4 scrolls of identify
 i - a scroll of enchant weapon {unknown}
 j - 2 scrolls of fog {unknown}
 n - a scroll of amnesia {unknown}
 p - a scroll of teleportation
 v - a scroll of enchant armour {unknown}
 B - a scroll of noise {unknown}
Potions
 m - 3 potions of lignification
Comestibles
 f - 3 meat rations
 k - a royal jelly


   Skills:
 + Level 4.5 Fighting
 * Level 8.2 Maces & Flails
 + Level 4.1 Armour
 - Level 2.6 Dodging
 + Level 1.0 Stealth


You had 7 spell levels left.
You didn't know any spells.

Dungeon Overview and Level Annotations

Branches:
Dungeon (6/15)
 Temple: D:4-7

Altars:
Fedhas
Nemelex Xobeh
Trog
Xom
The Shining One

Shops:
D:5 (


Innate Abilities, Weirdness & Mutations

You have a pair of antennae on your head.
Your flesh is cold resistant. (rC+)
You regenerate a little health from kills.
You are immune to freezing clouds.
You are clumsy. (Dex -2)
You are dopey. (Int -2)
You are covered in fur. (AC +1)


Message History

There is an open door here.
Your plate armour prevents you from hitting the orc warrior.
The orc warrior hits you with a hand axe.
You closely miss the orc warrior.
The orc warrior hits you with a hand axe!
You closely miss the orc warrior.
The orc warrior hits you but does no damage.
You closely miss the orc warrior.
The orc warrior hits you with a hand axe!
You sock the orc warrior!
The orc warrior is heavily wounded.
The orc warrior hits you with a hand axe!
* * * LOW HITPOINT WARNING * * *
A red film seems to cover your vision as you go berserk!
You feel yourself moving faster!
You feel mighty!
You are feeling hungry.
You completely miss the orc warrior.
The orc warrior is heavily wounded.
The orc warrior hits you with a hand axe!
You die...

#####...∩..........# #.........#
....#.####.........###.........#
.##.#.####.#.#...........).....##
.#..#.##...#.#.........###.#.....
.#..#.##...#.#.........###.#.....
.#..#.##...#.#..<....)...#.#.....
.#..#.##...#.#......>....#.#.....
.#..#.####.#.#.#####.....#.#...†.
[#..#.####...#..@oo'.....[.#...>.
.####....###########.....###...).
...÷'....# #####.....###.....
#####....# #...........'.....
#....# #.........###..(.. #....#
#.....##### #..... #....# #..>..#
#..... #....# #.....# #####.
#....# #.....# #.


You could see an orc warrior and an orc.

Vanquished Creatures
  The ghost of PeterLawrence the Basher, a novice MiFi (D:4)
  Grinder (D:6)
  An orc warrior (D:5)
  A sky beast (D:6)
  An ogre (D:5)
  A bullfrog (D:6)
  A water moccasin zombie (D:5)
  A howler monkey (D:5)
  A centaur zombie (D:6)
  2 hounds
  An orc priest (D:6)
  A jelly (D:5)
  3 orc wizards
  2 worker ants (D:4)
  3 gnolls (D:2)
  4 adders
  2 adder skeletons
  An adder zombie (D:5)
  7 worms
  A dart slug (D:2)
  5 leopard geckos
  15 orcs
  A ball python (D:5)
  3 bats (D:1)
  2 giant cockroaches (D:3)
  8 goblins
  4 hobgoblins (D:2)
  10 jackals
  3 quokkas
  4 frilled lizards
  A jackal zombie (D:5)
  7 kobolds
  A quokka skeleton (D:5)
  11 rats
111 creatures vanquished.

Notes
Turn   | Place    | Note
-------+----------+-------------------------------------------
     0 | D:1      | tricornhat the Demonspawn Berserker began the quest for the Orb.
     0 | D:1      | Reached XP level 1. HP: 18/18 MP: 1/1
   401 | D:1      | Reached skill level 3 in Maces & Flails
   401 | D:1      | Gained mutation: Your flesh is cold resistant. (rC+) [demonic ancestry]
   401 | D:1      | Reached XP level 2. HP: 23/24 MP: 2/2
  1250 | D:2      | Reached XP level 3. HP: 24/29 MP: 3/3
  1593 | D:2      | Reached skill level 4 in Maces & Flails
  1610 | D:2      | Gained mutation: You have a pair of small antennae on your head. [demonic ancestry]
  1610 | D:2      | Reached XP level 4. HP: 26/35 MP: 4/4
  2075 | D:2      | Reached ** piety under Trog
  2658 | D:3      | Found a blossoming altar of Fedhas.
  2670 | D:3      | Found a shimmering altar of Xom.
  2797 | D:3      | Gained mutation: You are immune to freezing clouds. [demonic ancestry]
  2797 | D:3      | Reached XP level 5. HP: 41/41 MP: 5/5
  3364 | D:4      | Gained mutation: You are dopey. (Int -2) [potion of mutation]
  3364 | D:4      | Gained mutation: You are covered in fur. (AC +1) [potion of mutation]
  3364 | D:4      | Gained mutation: You are clumsy. (Dex -2) [potion of mutation]
  3452 | D:4      | Reached skill level 5 in Maces & Flails
  3735 | D:4      | Noticed PeterLawrence's ghost (novice MiFi)
  3752 | D:4      | Killed PeterLawrence's ghost
  3752 | D:4      | Reached skill level 6 in Maces & Flails
  3752 | D:4      | Reached skill level 1 in Stealth
  3752 | D:4      | Gained mutation: You regenerate a little health from kills. [demonic ancestry]
  3752 | D:4      | Reached XP level 6. HP: 48/48 MP: 6/6
  3752 | D:4      | Gained mutation: You have a pair of antennae on your head. [demonic ancestry]
  3752 | D:4      | Reached XP level 7. HP: 53/53 MP: 7/7
  3999 | D:4      | Noticed a moth of wrath
  4002 | D:4      | Found a bloodstained altar of Trog.
  4447 | D:5      | Entered Level 5 of the Dungeon
  4453 | D:5      | Found Mimih's Antique Weapon Boutique.
  4507 | D:5      | Reached *** piety under Trog
  4623 | D:5      | Found a sparkling altar of Nemelex Xobeh.
  4652 | D:5      | Got a wavering platinum amulet
  4656 | D:5      | Identified the amulet "Luinec" {RegenMP rN+++ Dex-2 SInv Stlth+} (You found it on level 5 of the Dungeon)
  5232 | D:6      | Reached skill level 7 in Maces & Flails
  5239 | D:6      | Noticed Grinder
  5253 | D:6      | Paralysed by Grinder for 6 turns
  5261 | D:6      | Killed Grinder
  5261 | D:6      | Reached XP level 8. HP: 8/60 MP: 8/8
  5547 | D:6      | Found a glowing golden altar of the Shining One.
  5597 | D:6      | HP: 4/91 [sky beast (6)]
  6073 | D:5      | Reached skill level 8 in Maces & Flails
  6444 | D:5      | Slain by an orc warrior

Skill      XL: |  1  2  3  4  5  6  7  8 |
---------------+-------------------------+-----
Maces & Flails | 3 4 6 7 8 |  8.2
Armour         | 2 3 4 |  4.1
Dodging        | 2 |  2.6
Stealth        | 1 |  1.0
Fighting       | 4 |  4.5

Action                   |  1- 3 |  4- 6 |  7- 9 || total
-------------------------+-------+-------+-------++-------
Melee: Mace              |   113 |   178 |   242 ||   533
Invok: Berserk           |     1 |     2 |     3 ||     6
       Burn Spellbooks   |       |       |     1 ||     1
  Use: Scroll            |       |     8 |     3 ||    11
       Potion            |       |     4 |     5 ||     9
  Eat: Chunk             |     1 |     6 |     6 ||    13
       Beef jerky        |     1 |       |       ||     1
       Bread ration      |       |     1 |     1 ||     2
Armor: Animal skin       |    19 |       |       ||    19
       Scale mail        |     5 |    46 |       ||    51
       Chain mail        |       |    32 |   154 ||   186
       Skin              |       |     1 |    31 ||    32
       Plate armour      |       |       |     6 ||     6
Dodge: Dodged            |    72 |    89 |    87 ||   248
